NCAA
OREGON STATE BEAVERS @ OKLAHOMA SOONERS
02/25/2060
 
TOP OF THE 1ST
Oregon State Beavers batting - Pitching for Oklahoma Sooners : RHP Jasper Johnson
Pitching: RHP Jasper Johnson
Batting: LHB Evan Garrettson 0-0: Called Strike
0-1: Ball
1-1: Called Strike
1-2: Ground out U3 (Groundball, 13, EV 83.1 MPH)
Batting: RHB Theo Prochazka 0-0: Foul Ball, location: 2F
0-1: Foul Ball, location: 2F
0-2: Ball
1-2: Strikes out swinging
Batting: RHB Zane Sirignano 0-0: Fly out, F8 (Flyball, 8RXD, EV 101.9 MPH)
Top of the 1st over - 0 runs, 0 hits, 0 errors, 0 left on base; Oregon State 0 - Oklahoma 0
BOTTOM OF THE 1ST
Oklahoma Sooners batting - Pitching for Oregon State Beavers : RHP Jules Cooke
Pitching: RHP Jules Cooke
Batting: RHB Andy Bottoms 0-0: Called Strike
0-1: Ball
1-1: Foul Ball, location: 2F
1-2: Ball
2-2: SINGLE (Groundball, 56D, EV 105.6 MPH)
Batting: LHB Marcus Valdez 0-0: Called Strike
0-1: Ball
1-1: Foul Ball, location: 2F
1-2: Foul Ball, location: 2F
1-2: Foul Ball, location: 2F
1-2: Ball
2-2: Foul Ball, location: 2F
2-2: Foul Ball, location: 2F
2-2: SINGLE (Flyball, 78S, EV 92.5 MPH)
Andy Bottoms to second
Batting: RHB Chase McNeil 0-0: Ball
1-0: Ball
2-0: Ball
3-0: Base on Balls
Andy Bottoms to third
Marcus Valdez to second
Batting: SHB Erik Gripka 0-0: Ball
1-0: Ball
2-0: Swinging Strike
2-1: Fielders Choice at 2nd, 4-6 (Groundball, 4, EV 89.4 MPH)
Andy Bottoms scores
Marcus Valdez to third
Batting: RHB O.K. Luzak 0-0: Foul Ball, location: 2F
0-1: Ball
1-1: SINGLE (Groundball, 34D, EV 103.8 MPH)
Marcus Valdez scores
Erik Gripka to second
Runner from 2nd tries for 3rd, SAFE, throw by RF made to third
Batting: SHB Abe Haag 0-0: Foul Ball, location: 2F
0-1: Called Strike
0-2: Ball
1-2: Ball
2-2: Foul Ball, location: 2F
2-2: Strikes out swinging
Batting: RHB Gabe Woods 0-0: Ball
1-0: Ball
2-0: Swinging Strike
2-1: Foul Ball, location: 2F
2-2: Foul Ball, location: 2F
2-2: Ball
3-2: Ground out 6-3 (Groundball, 6MD, EV 93.1 MPH)
Bottom of the 1st over - 2 runs, 3 hits, 0 errors, 2 left on base; Oregon State 0 - Oklahoma 2
TOP OF THE 2ND
Oregon State Beavers batting - Pitching for Oklahoma Sooners : RHP Jasper Johnson
Batting: RHB Mike Walton 0-0: Called Strike
0-1: Foul Ball, location: 2F
0-2: Foul Ball, location: 2F
0-2: Ball
1-2: Strikes out looking
Batting: LHB Cole Williams 0-0: Fly out, F3 (Popup, 34, EV 76.9 MPH)
Batting: RHB Karsten Holland 0-0: Called Strike
0-1: Swinging Strike
0-2: Ball
1-2: Ball
2-2: Fly out, F9 (Flyball, 9D, EV 90.6 MPH)
Top of the 2nd over - 0 runs, 0 hits, 0 errors, 0 left on base; Oregon State 0 - Oklahoma 2
BOTTOM OF THE 2ND
Oklahoma Sooners batting - Pitching for Oregon State Beavers : RHP Jules Cooke
Batting: RHB TeMarcus McDowell 0-0: Fly out, F8 (Flyball, 8LM, EV 95.6 MPH)
Batting: RHB Marvin Reierson 0-0: Called Strike
0-1: Ground out 1-3 (Groundball, 13, EV 73.8 MPH)
Batting: RHB Andy Bottoms 0-0: Called Strike
0-1: Fly out, F9 (Flyball, 9, EV 96.9 MPH)
Bottom of the 2nd over - 0 runs, 0 hits, 0 errors, 0 left on base; Oregon State 0 - Oklahoma 2
TOP OF THE 3RD
Oregon State Beavers batting - Pitching for Oklahoma Sooners : RHP Jasper Johnson
Batting: SHB Shelton Kondo 0-0: Called Strike
0-1: Swinging Strike
0-2: Ground out 3-1 (Groundball, 34, EV 104.4 MPH)
Batting: RHB Cristian Davidson 0-0: Called Strike
0-1: Ground out 4-3 (Groundball, 4, EV 84.4 MPH)
Batting: RHB Dolan Marcoux 0-0: Ball
1-0: Ball
2-0: Swinging Strike
2-1: Ball
3-1: Foul Ball, location: 2F
3-2: Base on Balls
Batting: LHB Evan Garrettson 0-0: Ball
1-0: Called Strike
1-1: Swinging Strike
1-2: Ball
2-2: Strikes out swinging
Top of the 3rd over - 0 runs, 0 hits, 0 errors, 1 left on base; Oregon State 0 - Oklahoma 2
BOTTOM OF THE 3RD
Oklahoma Sooners batting - Pitching for Oregon State Beavers : RHP Jules Cooke
Batting: LHB Marcus Valdez 0-0: Ball
1-0: Ball
2-0: Ball
3-0: Called Strike
3-1: Base on Balls
Batting: RHB Chase McNeil 0-0: Called Strike
0-1: SINGLE (Groundball, 4D, EV 96.9 MPH)
Marcus Valdez to second
Runner from 2nd tries for 3rd, SAFE, throw by CF made to third
Batting: SHB Erik Gripka 0-0: Fly out, F7 (Line Drive, 7S, EV 92.5 MPH)
Batting: RHB O.K. Luzak 0-0: SINGLE (Groundball, 56D, EV 99.4 MPH)
Marcus Valdez scores
Chase McNeil to second
Batting: SHB Abe Haag 0-0: Ball
1-0: Ball
2-0: Ball
3-0: Swinging Strike
3-1: Base on Balls
Chase McNeil to third
O.K. Luzak to second
Batting: RHB Gabe Woods 0-0: Called Strike
0-1: Ball
1-1: Called Strike
1-2: Ball
2-2: Strikes out swinging
Batting: RHB TeMarcus McDowell 0-0: Ball
1-0: Called Strike
1-1: Swinging Strike
1-2: Strikes out swinging
Bottom of the 3rd over - 1 run, 2 hits, 0 errors, 3 left on base; Oregon State 0 - Oklahoma 3
TOP OF THE 4TH
Oregon State Beavers batting - Pitching for Oklahoma Sooners : RHP Jasper Johnson
Batting: RHB Theo Prochazka 0-0: Fly out, F8 (Flyball, 8LXD, EV 90.6 MPH)
Batting: RHB Zane Sirignano 0-0: Ground out 5-3 (Groundball, 56, EV 100.6 MPH)
Batting: RHB Mike Walton 0-0: Called Strike
0-1: Ground out 1-3 (Groundball, 13S, EV 68.1 MPH)
Top of the 4th over - 0 runs, 0 hits, 0 errors, 0 left on base; Oregon State 0 - Oklahoma 3
BOTTOM OF THE 4TH
Oklahoma Sooners batting - Pitching for Oregon State Beavers : RHP Jules Cooke
Batting: RHB Marvin Reierson 0-0: Called Strike
0-1: Foul Ball, location: 2F
0-2: Foul Ball, location: 2F
0-2: Strikes out swinging
Batting: RHB Andy Bottoms 0-0: Ground out 5-3 (Groundball, 5L, EV 88.1 MPH)
Batting: LHB Marcus Valdez 0-0: Foul Ball, location: 2F
0-1: Ball
1-1: Ball
2-1: Fly out, F6 (Line Drive, 6, EV 65.6 MPH)
Bottom of the 4th over - 0 runs, 0 hits, 0 errors, 0 left on base; Oregon State 0 - Oklahoma 3
TOP OF THE 5TH
Oregon State Beavers batting - Pitching for Oklahoma Sooners : RHP Jasper Johnson
Batting: LHB Cole Williams 0-0: Foul Ball, location: 2F
0-1: Called Strike
0-2: Ball
1-2: Strikes out swinging
Batting: RHB Karsten Holland 0-0: Called Strike
0-1: Ball
1-1: Swinging Strike
1-2: Foul Ball, location: 2F
1-2: Ball
2-2: SINGLE (Groundball, 3D, EV 101.2 MPH)
Batting: SHB Shelton Kondo 0-0: Ball
1-0: Foul Ball, location: 2F
1-1: Foul Ball, location: 2F
1-2: Strikes out swinging
Batting: RHB Cristian Davidson 0-0: Called Strike
0-1: Ball
1-1: Foul Ball, location: 2F
1-2: Strikes out swinging
Top of the 5th over - 0 runs, 1 hit, 0 errors, 1 left on base; Oregon State 0 - Oklahoma 3
BOTTOM OF THE 5TH
Oklahoma Sooners batting - Pitching for Oregon State Beavers : RHP Jules Cooke
Batting: RHB Chase McNeil 0-0: Fly out, F7 (Flyball, 78M, EV 83.8 MPH)
Batting: SHB Erik Gripka 0-0: Fly out, F7 (Flyball, 7S, EV 91.9 MPH)
Batting: RHB O.K. Luzak 0-0: Called Strike
0-1: Swinging Strike
0-2: Ball
1-2: Ball
2-2: Foul Ball, location: 2F
2-2: Fly out, F8 (Line Drive, 8RD, EV 102.5 MPH)
Bottom of the 5th over - 0 runs, 0 hits, 0 errors, 0 left on base; Oregon State 0 - Oklahoma 3
TOP OF THE 6TH
Oregon State Beavers batting - Pitching for Oklahoma Sooners : RHP Jasper Johnson
Batting: RHB Dolan Marcoux 0-0: Ball
1-0: Ball
2-0: Ground out 5-3 (Groundball, 56, EV 78.1 MPH)
Batting: LHB Evan Garrettson 0-0: Ball
1-0: Ball
2-0: Foul Ball, location: 2F
2-1: Ball
3-1: Base on Balls
Batting: RHB Theo Prochazka 0-0: Called Strike
Evan Garrettson steals 2nd base
0-1: Swinging Strike
0-2: Foul Ball, location: 2F
0-2: Foul Ball, location: 2F
0-2: Ball
1-2: Fly out, F7 (Flyball, 7, EV 90.6 MPH)
Batting: RHB Zane Sirignano 0-0: Called Strike
0-1: Swinging Strike
0-2: Strikes out swinging
Top of the 6th over - 0 runs, 0 hits, 0 errors, 1 left on base; Oregon State 0 - Oklahoma 3
BOTTOM OF THE 6TH
Oklahoma Sooners batting - Pitching for Oregon State Beavers : RHP Jules Cooke
Batting: SHB Abe Haag 0-0: Ball
1-0: Ball
2-0: Ball
3-0: Called Strike
3-1: Base on Balls
Pitching: RHP Stephan Valenzuela
Batting: RHB Gabe Woods 0-0: Ball
1-0: Ball
2-0: Called Strike
2-1: Called Strike
2-2: Foul Ball, location: 2F
2-2: Foul Ball, location: 2F
2-2: Fly out, F8 (Flyball, 8RXD, EV 98.1 MPH)
Batting: RHB TeMarcus McDowell 0-0: Ball
1-0: Foul Ball, location: 2F
1-1: Ball
2-1: Swinging Strike
2-2: Strikes out swinging
Batting: RHB Marvin Reierson 0-0: Ball
1-0: Foul Ball, location: 2F
1-1: Ball
2-1: Called Strike
2-2: Foul Ball, location: 2F
2-2: Ball
3-2: Foul Ball, location: 2F
3-2: Foul Ball, location: 2F
3-2: SINGLE (Groundball, 34, EV 106.2 MPH)
Abe Haag to second
Abe Haag to third
Batting: RHB Andy Bottoms 0-0: Foul Ball, location: 2F
0-1: Called Strike
0-2: Foul Ball, location: 2F
0-2: Ball
1-2: Foul Ball, location: 2F
1-2: Ball
2-2: Foul Ball, location: 2F
2-2: Strikes out swinging
Bottom of the 6th over - 0 runs, 1 hit, 0 errors, 2 left on base; Oregon State 0 - Oklahoma 3
TOP OF THE 7TH
Oregon State Beavers batting - Pitching for Oklahoma Sooners : RHP Jasper Johnson
Batting: RHB Mike Walton 0-0: Ball
1-0: SINGLE (Line Drive, 6D, EV 108.1 MPH)
Batting: LHB Cole Williams 0-0: Ball
1-0: Called Strike
1-1: Called Strike
1-2: Foul Ball, location: 2F
1-2: Ball
2-2: Ball
3-2: Strikes out swinging
Mike Walton steals 2nd, throwing error, E2
Mike Walton to third
Batting: RHB Karsten Holland 0-0: Called Strike
0-1: Fly out, F7 (Flyball, 7LS, EV 73.8 MPH)
Pitching: RHP Kieran Perine
Batting: SHB Shelton Kondo 0-0: Called Strike
0-1: Swinging Strike
0-2: Ground out 4-3 (Groundball, 34, EV 82.5 MPH)
Top of the 7th over - 0 runs, 1 hit, 1 error, 1 left on base; Oregon State 0 - Oklahoma 3
BOTTOM OF THE 7TH
Oklahoma Sooners batting - Pitching for Oregon State Beavers : RHP Stephan Valenzuela
Batting: LHB Marcus Valdez 0-0: Foul Ball, location: 2F
0-1: Ground out U3 (Groundball, 34, EV 109.4 MPH)
Batting: RHB Chase McNeil 0-0: Ball
1-0: Foul Ball, location: 2F
1-1: Called Strike
1-2: Ball
2-2: Ball
3-2: Base on Balls
Batting: SHB Erik Gripka 0-0: Called Strike
0-1: Ball
1-1: Foul Ball, location: 2F
1-2: Foul Ball, location: 2F
1-2: Ball
2-2: Foul Ball, location: 2F
2-2: Ball
3-2: Base on Balls
Chase McNeil to second
Pitching: RHP Karson Bond
Batting: RHB O.K. Luzak 0-0: Ball
1-0: Fielders Choice at 2nd, 1-4 (Groundball, 15S, EV 67.5 MPH)
Chase McNeil to third
Batting: SHB Abe Haag 0-0: Fly out, F8 (Flyball, 8RXD, EV 83.8 MPH)
Bottom of the 7th over - 0 runs, 0 hits, 0 errors, 2 left on base; Oregon State 0 - Oklahoma 3
TOP OF THE 8TH
Oregon State Beavers batting - Pitching for Oklahoma Sooners : RHP Kieran Perine
Batting: RHB Cristian Davidson 0-0: Swinging Strike
0-1: Foul Ball, location: 2F
0-2: Strikes out looking
Pinch Hitting: LHB Al Dunlap 0-0: Called Strike
0-1: Called Strike
0-2: Strikes out swinging
Batting: LHB Evan Garrettson 0-0: Foul Ball, location: 2F
0-1: Swinging Strike
0-2: Ball
1-2: Strikes out swinging
Top of the 8th over - 0 runs, 0 hits, 0 errors, 0 left on base; Oregon State 0 - Oklahoma 3
BOTTOM OF THE 8TH
Oklahoma Sooners batting - Pitching for Oregon State Beavers : RHP Karson Bond
Now at 2B: Adrian Mellinger
Batting: RHB Gabe Woods 0-0: Called Strike
0-1: Foul Ball, location: 2F
0-2: Foul Ball, location: 2F
0-2: Strikes out swinging
Batting: RHB TeMarcus McDowell 0-0: Called Strike
0-1: Foul Ball, location: 2F
0-2: Foul Ball, location: 2F
0-2: Ball
1-2: Foul Ball, location: 2F
1-2: Strikes out looking
Batting: RHB Marvin Reierson 0-0: Foul Ball, location: 2F
0-1: Ground out 5-3 (Groundball, 56S, EV 78.8 MPH)
Bottom of the 8th over - 0 runs, 0 hits, 0 errors, 0 left on base; Oregon State 0 - Oklahoma 3
TOP OF THE 9TH
Oregon State Beavers batting - Pitching for Oklahoma Sooners : RHP Kieran Perine
Pitching: LHP James Williams
Batting: RHB Theo Prochazka 0-0: SINGLE (Line Drive, 3D, EV 98.8 MPH)
Batting: RHB Zane Sirignano 0-0: Called Strike
0-1: Fielders Choice at 2nd, 6-4 (Groundball, 56, EV 82.5 MPH)
Batting: RHB Mike Walton 0-0: Called Strike
0-1: Ball
1-1: Called Strike
1-2: Strikes out swinging
Batting: LHB Cole Williams 0-0: Ball
1-0: Ball
2-0: Called Strike
2-1: Foul Ball, location: 2F
2-2: Ball
3-2: Strikes out swinging
Top of the 9th over - 0 runs, 1 hit, 0 errors, 1 left on base; Oregon State 0 - Oklahoma 3
Tuesday, April 16th , 2024 - OOTP Baseball 23.10 Build 110